 Dungeon Crawl Stone Soup version 0.17.2 (webtiles) character file.

319 Ponchio the Shield-Bearer (level 6, -2/39 HPs)
             Began as a Gargoyle Fighter on May 27, 2016.
             Slain by a crocodile (11 damage)
             ... in a sewer.
             The game lasted 00:15:21 (2832 turns).

Ponchio the Shield-Bearer (Gargoyle Fighter)        Turns: 2832, Time: 00:15:21

Health: -2/39      AC: 11    Str: 19    XL:     6   Next: 46%
Magic:  6/6        EV: 14    Int:  9    God:
Gold:   173        SH: 10    Dex: 16    Spells: 0 memorised, 5 levels left

rFire  . . .     SeeInvis .     a - +0 flail
rCold  . . .     Clarity  .     o - +0 ring mail
rNeg   + + .     SustAt   .     c - +0 shield
rPois  ∞         Gourm    .     t - +0 helmet
rElec  +         Spirit   .     (no cloak)
rCorr  .         Warding  +     (no gloves)
rMut   .         Stasis   .     (no boots)
MR     .....                    k - amulet of warding
Stlth  ++........               (no ring)
                                n - ring of poison resistance

@: agile, not resistant to hostile enchantments, unstealthy
A: negative energy resistance 1, electricity resistance, unbreathing,
petrification resistance, rot immunity, AC +4
a: no special abilities


You were in a sewer.
You were hungry.

You visited 1 branch of the dungeon, and saw 4 of its levels.
You also visited: Sewer.

You collected 173 gold pieces.

Inventory:

Hand Weapons
 a - a +0 flail (weapon)
 b - a +0 whip
 g - the +10 hand axe of Proximity {drain, -Tele rElec Str+2 Int-2}
   (You found it on level 4 of the Dungeon)

   A truly terrible weapon, it drains the life of those it strikes.
   It affects your strength (+2).
   It affects your intelligence (-2).
   It insulates you from electricity.
   It prevents most forms of teleportation.
 w - a +1 morningstar
 y - a +6 club
Armour
 c - a +0 shield (worn)
 o - a +0 ring mail (worn)
 t - a +0 helmet (worn)
Jewellery
 k - an amulet of warding (around neck)
 m - an uncursed amulet of faith
 n - a ring of poison resistance (left hand)
Scrolls
 f - a scroll of immolation
 p - 2 scrolls of recharging
 v - 3 scrolls of remove curse
 x - a scroll of fog
 A - a scroll of fear
Potions
 d - a potion of might
 h - 2 potions of haste
 j - 2 potions of degeneration
 l - a potion of curing {unknown}
 r - a potion of lignification {unknown}
 s - 4 potions of mutation
 u - a potion of cancellation {unknown}
 z - a potion of agility
 B - a potion of berserk rage {unknown}
 C - a potion of beneficial mutation {unknown}
Comestibles
 e - 4 bread rations
 q - a meat ration


   Skills:
 + Level 4.4 Fighting
 + Level 3.2 Maces & Flails
 + Level 4.4 Armour
 + Level 2.1 Dodging
 + Level 4.6 Shields


You had 5 spell levels left.
You didn't know any spells.

Dungeon Overview and Level Annotations

Branches:
Dungeon (4/15)
 Temple: D:4-7

Altars:
Ashenzari
Cheibriados
Kikubaaqudgha
Okawaru


Innate Abilities, Weirdness & Mutations

You are resistant to torment.
Your stone body is resilient (AC +4).
You are immune to poison.
You resist negative energy.
You are resistant to electric shocks.
You can survive without breathing.
You are immune to petrification.
You are immune to rotting.


Message History

You feel less invigorated.
You feel less confused. You block the crocodile's attack.
You barely miss the crocodile.
The crocodile is severely wounded.
The crocodile closely misses you. The crocodile bites you!
* * * LOW HITPOINT WARNING * * *
You hit the crocodile.
The crocodile is severely wounded.
You block the crocodile's attack.
You completely miss the crocodile.
The crocodile is severely wounded.
The crocodile bites you but does no damage.
Your shield prevents you from hitting the crocodile.
The crocodile is severely wounded.
You block the crocodile's attack.
You hit the crocodile but do no damage.
The crocodile is severely wounded.
The crocodile bites you!
You die...

##### #
!/#. !
≈#.#≈
#≈..#
##...##
#≈.≈..#
#...≈.##
#...#≈t.#
#.. ##@.##
#.. #...#
#≈ ##..# #
#..# #.≈
#≈.# #..#
##≈≈# #...
#.≈.#
#≈≈###≈.##
#...#.≈.#


You could see a crocodile.

Vanquished Creatures
  A scorpion (D:4)
  A giant frog skeleton (D:4)
  Jessica (D:2)
  An orc priest (D:3)
  An iguana (D:4)
  Robin (D:2)
  2 gnolls (D:3)
  5 adders
  2 giant geckos
  5 orcs (D:3)
  4 ball pythons
  A bat zombie (D:4)
  3 giant cockroaches
  15 goblins
  12 hobgoblins
  6 jackals
  3 quokkas
  6 bats
  2 giant newts
  12 kobolds
  7 rats
  A rat zombie (D:4)
92 creatures vanquished.

Vanquished Creatures (others)
  An orc wizard (D:4)
  A worker ant (D:4)
  An iguana (D:4)
  An orc (D:4)
  A ball python (D:4)
5 creatures vanquished.

Grand Total: 97 creatures vanquished

Notes
Turn   | Place    | Note
--------------------------------------------------------------
     0 | D:1      | Ponchio the Gargoyle Fighter began the quest for the Orb.
     0 | D:1      | Reached XP level 1. HP: 14/14 MP: 1/1
   299 | D:1      | Reached XP level 2. HP: 16/19 MP: 2/2
   983 | D:2      | Noticed Robin
   984 | D:2      | Reached skill level 1 in Dodging
   984 | D:2      | Reached XP level 3. HP: 19/23 MP: 3/3
   997 | D:2      | Killed Robin
  1130 | D:2      | Found an iron altar of Okawaru.
  1130 | D:2      | Found a snail-covered altar of Cheibriados.
  1201 | D:2      | Reached XP level 4. HP: 28/28 MP: 4/4
  1352 | D:2      | Found a shattered altar of Ashenzari.
  1519 | D:2      | Noticed Jessica
  1523 | D:2      | Killed Jessica
  1523 | D:2      | Reached skill level 4 in Fighting
  1610 | D:3      | Reached XP level 5. HP: 29/33 MP: 5/5
  2366 | D:4      | Got a blackened hand axe
  2406 | D:4      | Reached XP level 6. HP: 33/38 MP: 6/6
  2612 | D:4      | Found an ancient bone altar of Kikubaaqudgha.
  2687 | D:4      | Found a glowing drain.
  2712 | Sewer    | Entered a sewer
  2748 | Sewer    | Identified the +10 hand axe of Proximity {drain, -Tele rElec Str+2 Int-2} (You found it on level 4 of the Dungeon)
  2824 | Sewer    | HP: 1/39 [crocodile (9)]
  2832 | Sewer    | Slain by a crocodile

Action                   |  1- 3 |  4- 6 || total
-------------------------+-------+-------++-------
Melee: Flail             |   119 |    65 ||   184
       Club              |       |    59 ||    59
       Morningstar       |       |    45 ||    45
  Use: Scroll            |       |    10 ||    10
       Potion            |       |     2 ||     2
  Eat: Chunk             |     1 |     5 ||     6
